 Dungeon Crawl Stone Soup version 0.22.1 (webtiles) character file.

585 Fang the Chopper (level 7, -7/44 HPs)
             Began as a Gargoyle Berserker on Sept 18, 2018.
             Was a Believer of Trog.
             Mangled by a gnoll
             ... wielding a +0 whip
              (9 damage)
             ... on level 5 of the Dungeon.
             The game lasted 00:04:43 (3707 turns).

Fang the Chopper (Gargoyle Berserker)               Turns: 3707, Time: 00:04:44

Health: -7/44      AC:  3    Str: 23    XL:     7   Next: 37%
Magic:  7/7        EV: 13    Int:  7    God:    Trog [**....]
Gold:   205        SH:  0    Dex:  9    Spells: 6/6 levels left

rFire    . . .     SeeInvis +   a - +0 hand axe
rCold    . . .     Gourm    .   (no shield)
rNeg     + . .     Faith    .   b - +0 animal skin
rPois    ∞         Spirit   .   (no helmet)
rElec    +         Reflect  .   (no cloak)
rCorr    .         Harm     .   (no gloves)
MR       .....                  (no boots)
Stlth    +.........             (no amulet)
HPRegen  0.14/turn              r - ring of see invisible
MPRegen  0.10/turn              (no ring)

@: corroded
A: negative energy resistance 1, electricity resistance, unbreathing,
petrification resistance, rot immunity, AC +4
a: Berserk, Trog's Hand, Renounce Religion


You were on level 5 of the Dungeon.
You worshipped Trog.
Trog was pleased with you.
You were very hungry.

You visited 1 branch of the dungeon, and saw 5 of its levels.

You collected 205 gold pieces.

Inventory:

Hand Weapons
 a - a +0 hand axe (weapon)
Armour
 b - a +0 animal skin (worn)
Jewellery
 r - a ring of see invisible (left hand)
Wands
 o - a wand of flame (5)
Scrolls
 i - 4 scrolls of remove curse
 k - a scroll of identify
 t - a scroll of teleportation
Potions
 d - a potion of invisibility {unknown}
 e - 2 potions of resistance
 g - a potion of mutation {unknown}
 h - 3 potions of curing
 l - a potion of magic
 m - a potion of flight
 n - a potion of cancellation
 p - a potion of brilliance {unknown}
Comestibles
 c - 13 rations


   Skills:
 + Level 4.9 Fighting
 + Level 5.6 Axes
 + Level 2.6 Armour
 + Level 3.4 Dodging
 + Level 1.5 Stealth


You had 6 spell levels left.
You didn't know any spells.
Your spell library was empty.

Dungeon Overview and Level Annotations

Branches:
Dungeon (5/15)
 Temple: D:4-7

Altars:
Cheibriados
Makhleb
Qazlal
Uskayaw
Yredelemnul

Annotations:
D:5 1 runed door


Innate Abilities, Weirdness & Mutations

You are resistant to torment.
Your stone body is resilient. (AC +4)
You are immune to poison.
You resist negative energy. (rN+)
You are resistant to electric shocks. (rElec)
You can survive without breathing.
You are immune to petrification.
You are immune to rotting.


Message History

Trog accepts your kill.
You see here a club.
The gnoll closely misses you.
You see here a club.
You hit the gnoll.
The gnoll is moderately wounded.
The gnoll hits you with a club!
* * * LOW HITPOINT WARNING * * *
You slash the gnoll!
You kill the gnoll!
Trog accepts your kill.
The gnoll throws a stone.
The stone barely misses you. The gnoll misses you.
You see here a club.
You barely miss the gnoll. The gnoll hits you with a whip.
* * * LOW HITPOINT WARNING * * *
You hit the gnoll.
The gnoll is heavily wounded.
The gnoll hits you with a whip!
You die...

###### # ###
##?...#######.##
+.####PP............g.
##..#.PP..............
###.#.............g..
##########.####..# #.#
#..# #)##..# #@#..#
#g(.# ##..## #..##
#..## ##. ## .# .#
.##.###


You could see a gnoll.

Vanquished Creatures
  Sigmund (D:2)
  A scorpion (D:2)
  A hound (D:4)
  A jelly (D:5)
  A bullfrog skeleton (D:4)
  Jessica (D:2)
  3 worker ants
  A hound skeleton (D:4)
  7 adders
  2 gnolls (D:5)
  An ooze (D:2)
  4 worms
  2 adder skeletons (D:4)
  A dart slug (D:2)
  A leopard gecko (D:3)
  3 orcs (D:4)
  11 bats
  5 giant cockroaches
  4 goblins
  2 hobgoblins
  6 jackals
  4 quokkas
  4 frilled lizards
  6 kobolds
  8 rats
81 creatures vanquished.

Notes
Turn   | Place    | Note
-------+----------+-------------------------------------------
     0 | D:1      | Fang the Gargoyle Berserker began the quest for the Orb.
     0 | D:1      | Reached XP level 1. HP: 14/14 MP: 1/1
   263 | D:1      | Reached XP level 2. HP: 18/19 MP: 2/2
   651 | D:2      | Found a stormy altar of Qazlal.
   653 | D:2      | Noticed a scorpion
   654 | D:2      | Found a burning altar of Makhleb.
   663 | D:2      | Killed a scorpion
   663 | D:2      | Reached skill level 3 in Axes
   663 | D:2      | Reached XP level 3. HP: 24/24 MP: 3/3
   664 | D:2      | Reached XP level 4. HP: 29/29 MP: 4/4
   802 | D:2      | Found a basalt altar of Yredelemnul.
  1032 | D:2      | Found a snail-covered altar of Cheibriados.
  1195 | D:2      | Noticed Jessica
  1203 | D:2      | Killed Jessica
  1203 | D:2      | Reached ** piety under Trog
  1371 | D:2      | Reached XP level 5. HP: 33/33 MP: 5/5
  1391 | D:2      | Noticed Sigmund
  1402 | D:2      | Killed Sigmund
  1402 | D:2      | Reached skill level 4 in Axes
  1402 | D:2      | Reached XP level 6. HP: 35/39 MP: 6/6
  1825 | D:3      | Found a hide-covered altar of Uskayaw.
  1856 | D:3      | Reached skill level 1 in Stealth
  2516 | D:3      | Reached skill level 5 in Axes
  2972 | D:4      | Reached XP level 7. HP: 34/44 MP: 7/7
  3640 | D:5      | Entered Level 5 of the Dungeon
  3661 | D:5      | Found a runed door.
  3706 | D:5      | HP: 2/44 [gnoll/whip (4)]
  3707 | D:5      | Mangled by a gnoll

Skill      XL: |  1  2  3  4  5  6 |
---------------+-------------------+-----
Fighting       | 4 |  4.9
Axes           | 3 4 5 |  5.6
Dodging        | 2 3 |  3.4
Stealth        | 1 |  1.5
Armour         | |  2.6

Action                   |  1- 3 |  4- 6 |  7- 9 || total
-------------------------+-------+-------+-------++-------
Melee: Hand axe          |    55 |   219 |    60 ||   334
Invok: Berserk           |     1 |     1 |       ||     2
  Use: Scroll            |       |       |    12 ||    12
 Stab: Sleeping          |       |     2 |     1 ||     3
  Eat: Chunk             |       |     8 |     2 ||    10
Armor: Animal skin       |    28 |    76 |    26 ||   130
Dodge: Dodged            |    57 |   135 |    42 ||   234
